 Dungeon Crawl Stone Soup version 0.23.2-40-g277498a (webtiles) character file.

Game seed: 2428688505062521556

99 EazyBreezy the Insei (level 4, -4/35 HPs)
             Began as a Demonspawn Monk on Sept 23, 2019.
             Killed from afar by Ijyb (16 damage)
             ... with a wand of acid (13)
             ... on level 3 of the Dungeon.
             The game lasted 00:03:01 (1969 turns).

EazyBreezy the Insei (Demonspawn Monk)              Turns: 1969, Time: 00:03:01

Health: -4/35      AC:  2    Str: 11    XL:     4   Next: 45%
Magic:  4/4        EV: 14    Int: 12    God:
Gold:   53         SH:  0    Dex: 16    Spells: 3/3 levels left

rFire    . . .     SeeInvis .     - Unarmed
rCold    + . .     Gourm    +   (no shield)
rNeg     . . .     Faith    .   a - +0 robe
rPois    .         Spirit   .   (helmet restricted)
rElec    .         Reflect  .   (no cloak)
rCorr    .         Harm     .   (no gloves)
MR       .....                  (no boots)
Stlth    ++........             k - amulet of the gourmand
HPRegen  0.11/turn              j - ring of protection from cold
MPRegen  0.09/turn              (no ring)

@: no status effects
A: horns 1
a: no special abilities


You were on level 3 of the Dungeon.
You were not hungry.

You visited 1 branch of the dungeon, and saw 3 of its levels.

You collected 53 gold pieces.

Inventory:

Armour
 a - a +0 robe (worn)
Jewellery
 j - a ring of protection from cold (left hand)
 k - an amulet of the gourmand (around neck)
Scrolls
 c - a scroll of remove curse {unknown}
 d - 2 scrolls of enchant weapon {unknown}
 f - 3 scrolls of identify {unknown}
 g - a scroll of fear {unknown}
 l - a scroll of fog {unknown}
Potions
 e - 2 potions of curing
 h - a potion of cancellation {unknown}
 i - 2 potions of heal wounds {unknown}
Comestibles
 b - 3 rations


   Skills:
 * Level 3.4 Fighting
 * Level 0.8 Armour
 * Level 3.5 Dodging
 - Level 1.7 Stealth
 * Level 3.6 Unarmed Combat


You had 3 spell levels left.
You didn't know any spells.
Your spell library was empty.

Dungeon Overview and Level Annotations

Branches:
Dungeon (3/15)

Altars:
Elyvilon
Kikubaaqudgha

Annotations:
D:3 Ijyb


Innate Abilities, Weirdness & Mutations

You have a pair of small horns on your head.


Message History

The orc closely misses you.
You punch the orc!
You kill the orc!
Things that are here:
a +0 club; a +0 flail; a tomahawk 2 goblins come into view.
The goblin shouts!
You hear a shout!
A goblin comes into view. It is wielding a +0 club.
Found 14 gold pieces. 2 goblins come into view.
Ijyb the Twisted Goblin comes into view.
She is carrying a wand of acid (13).
The goblin moves out of view.
The goblin barely misses you.
You closely miss the goblin. The goblin closely misses you.
The goblin shouts!
You hit the goblin.
You kill the goblin!
You hear a shout!
Ijyb zaps a wand.
The bolt of acid hits you!
You die...

######.###########
#..)[............<
#.################
#.# #.# #.# #.#
#.# #@# #.#
#g#######
#..$....#
#.......#
#8g....8#
#.......#
#8!....8#
#.......#


You could see Ijyb and a goblin.

Vanquished Creatures
  3 adders (D:2)
  An ooze (D:2)
  2 worms (D:2)
  2 dart slugs
  A leopard gecko (D:1)
  5 orcs (D:3)
  3 ball pythons
  3 giant cockroaches (D:1)
  4 goblins
  5 hobgoblins
  4 jackals
  8 bats
  4 frilled lizards
  2 kobolds (D:2)
  2 rats
49 creatures vanquished.

Notes
Turn   | Place    | Note
-------+----------+-------------------------------------------
     0 | D:1      | EazyBreezy the Demonspawn Monk began the quest for the Orb.
     0 | D:1      | Reached XP level 1. HP: 18/18 MP: 1/1
   284 | D:1      | Gained mutation: You have a pair of small horns on your
                  | head. [demonic ancestry]
   284 | D:1      | Reached XP level 2. HP: 13/24 MP: 2/2
   756 | D:1      | Reached XP level 3. HP: 29/29 MP: 3/3
  1379 | D:2      | Reached XP level 4. HP: 2/35 MP: 4/4
  1379 | D:2      | HP: 1/35 [poisoned by an adder]
  1600 | D:2      | Found a white marble altar of Elyvilon.
  1723 | D:2      | Found an ancient bone altar of Kikubaaqudgha.
  1960 | D:3      | Noticed Ijyb
  1969 | D:3      | Killed from afar by Ijyb

Skill      XL: |  1  2 |
---------------+-------+-----
Dodging        | 3 |  3.5
Unarmed Combat | 3 |  3.6
Fighting       | |  3.4
Armour         | |  0.8
Stealth        | |  1.7

Action                   |  1- 3 |  4- 6 || total
-------------------------+-------+-------++-------
Melee: Unarmed           |   136 |    63 ||   199
       Punch             |     1 |     2 ||     3
       Headbutt          |    20 |    10 ||    30
  Use: Potion            |       |     1 ||     1
 Stab: Sleeping          |     3 |       ||     3
  Eat: Chunk             |     1 |     3 ||     4
Armor: Robe              |    31 |     4 ||    35
Dodge: Dodged            |    93 |    42 ||   135
